 Dungeon Crawl Stone Soup version 0.21-a0-349-g0c35859 (webtiles) character file.

184 tidbits the Charmwright (level 5, 10/43 HPs)
             Began as a Gnoll Skald on Oct 8, 2017.
             Quit the game on level 4 of the Dungeon.
             The game lasted 00:05:08 (736 turns).

tidbits the Charmwright (Gnoll Skald)                Turns: 736, Time: 00:05:09

Health: 10/43      AC:  5    Str: 13    XL:     5   Next: 64%
Magic:  6/12       EV: 13    Int: 16    God:
Gold:   82         SH:  0    Dex: 15    Spells: 3/14 levels left

rFire    . . .     SeeInvis .   a - +0 hand axe
rCold    + + .     Gourm    .   (no shield)
rNeg     . . .     Faith    .   B - +0 ring mail
rPois    .         Spirit   .   (no helmet)
rElec    .         Reflect  .   (no cloak)
rCorr    .         Harm     .   (no gloves)
MR       .....                  (no boots)
Stlth    +.........             (no amulet)
HPRegen  0.14/turn              e - ring of protection from cold (curse)
MPRegen  0.13/turn              l - ring of protection from cold

@: no status effects
A: distributed training, fangs 1, strong nose
a: no special abilities


You were on level 4 of the Dungeon.
You were not hungry.

You visited 1 branch of the dungeon, and saw 4 of its levels.

You collected 82 gold pieces.

Inventory:

Hand Weapons
 a - a +0 hand axe (weapon)
 m - a +0 blowgun
Missiles
 k - 5 needles of paralysis
 n - 9 poisoned needles
Armour
 b - a +0 leather armour
 B - a +0 ring mail (worn)
Jewellery
 e - a cursed ring of protection from cold (left hand)
   (You found it on level 4 of the Dungeon)
 l - a ring of protection from cold (right hand)
   (You found it on level 4 of the Dungeon)
Scrolls
 g - a scroll of noise {unknown}
 p - 2 scrolls of teleportation {unknown}
Books
 c - a book of Battle

   Spells                             Type                      Level
   a - Infusion                       Charms                       1
   b - Shroud of Golubria             Charms/Translocation         2
   c - Song of Slaying                Charms                       2
   d - Spectral Weapon                Hexes/Charms                 3
   e - Regeneration                   Charms/Necromancy            3
Comestibles
 d - 2 bread rations
 f - 3 chunks of flesh
 h - 4 fruits
 i - 2 meat rations
 j - a royal jelly


   Skills:
 + Level 4.8 Fighting
 + Level 1.5 Short Blades
 + Level 1.5 Long Blades
 + Level 4.8 Axes
 + Level 1.5 Maces & Flails
 + Level 1.5 Polearms
 + Level 1.5 Staves
 + Level 1.5 Slings
 + Level 1.5 Bows
 + Level 1.5 Crossbows
 + Level 1.5 Throwing
 + Level 3.0 Armour
 + Level 4.8 Dodging
 + Level 1.5 Stealth
 + Level 1.5 Shields
 + Level 1.5 Unarmed Combat
 + Level 5.2 Spellcasting
 + Level 1.5 Conjurations
 + Level 1.5 Hexes
 + Level 6.7 Charms
 + Level 1.5 Summonings
 + Level 1.5 Necromancy
 + Level 1.5 Translocations
 + Level 1.5 Transmutations
 + Level 1.5 Fire Magic
 + Level 1.5 Ice Magic
 + Level 1.5 Air Magic
 + Level 1.5 Earth Magic
 + Level 1.5 Poison Magic
 + Level 1.5 Invocations
 + Level 1.5 Evocations


You had 3 spell levels left.
You knew the following spells:

 Your Spells              Type           Power        Failure   Level  Hunger
g - Shroud of Golubria    Chrm/Tloc      ###.......   9%          2    #......
i - Infusion              Chrm           ####         1%          1    None
r - Regeneration          Chrm/Necr      ###.......   17%         3    ###....
w - Spectral Weapon       Hex/Chrm       ###.....     17%         3    ###....
y - Song of Slaying       Chrm           ####....     3%          2    #......


Dungeon Overview and Level Annotations

Branches:
Dungeon (4/15)
 Temple: D:4-7

Altars:
Kikubaaqudgha
Okawaru
Qazlal
Sif Muna
Wu Jian


Innate Abilities, Weirdness & Mutations

Your experience applies equally to all skills.
You have very sharp teeth.
Your uncanny sense of smell can sniff out nearby items.


Message History

Casting: Infusion
Confirm with . or Enter, or press ? or * to list all spells.
You don't have enough magic to cast that spell.
You hit the ooze.
The ooze is severely wounded.
The ooze misses you.
You hit the ooze!
You kill the ooze!
You hit the jelly. The acid corrodes you!
Your hands burn!
The jelly is lightly wounded.
The jelly completely misses you.
Some of the chunks of flesh in your inventory have rotted away.
You barely miss the jelly.
The jelly is lightly wounded.
Your magical infusion is running out.
The jelly completely misses you.
You hit the jelly but do no damage. The acid corrodes you!
Your hands burn!
The jelly is lightly wounded.
The jelly closely misses you.
You hit the jelly but do no damage. The acid corrodes you!
Your hands burn!
* * * LOW HITPOINT WARNING * * *
The jelly is lightly wounded.
The jelly completely misses you.
You slash the jelly! The acid corrodes you!
Your hands burn!
* * * LOW HITPOINT WARNING * * *
The jelly is heavily wounded.
The jelly hits you.
* * * LOW HITPOINT WARNING * * *
You are splashed with acid!
The acid burns!
* * * LOW HITPOINT WARNING * * *
You barely miss the jelly.
The jelly is heavily wounded.
The jelly barely misses you.
You aren't carrying any potions.
Unknown command.
You hit the jelly. The acid corrodes you!
Your hands burn!
* * * LOW HITPOINT WARNING * * *
You bite the jelly, but do no damage.
The jelly is severely wounded.
The jelly barely misses you.
You hit the jelly but do no damage.
Your hands burn!
* * * LOW HITPOINT WARNING * * *
The jelly is severely wounded.
You are no longer magically infusing your attacks.
The jelly misses you. The jelly barely misses you.
You hit the jelly.
You kill the jelly!
Your Armour skill increases to level 3!
You hit the ooze but do no damage. The ooze misses you. The ooze hits you.
* * * LOW HITPOINT WARNING * * *
Things that are here:
a short sword; a stone; a kobold corpse
There is an open gate here.
You see here a stone.
The ooze misses you.
You see here a stone.
You see here a stone.
You open the door. The ooze completely misses you.
There is an open door here.
You feel a little less agile now.
You are no longer corroded.
Casting: Infusion
Confirm with . or Enter, or press ? or * to list all spells.
You draw out your weapon's spirit!
The ooze barely misses your spectral weapon.
The ooze closely misses you.
You hit the ooze.
The ooze is moderately wounded.
Your spectral weapon hits the ooze but does no damage.
Your spectral weapon hits the ooze.
The ooze hits your spectral weapon.
Your spectral weapon shares its damage with you!
* * * LOW HITPOINT WARNING * * *
The ooze hits you but does no damage.
You hit the ooze. You bite the ooze, but do no damage.
The ooze is severely wounded.
Your spectral weapon hits the ooze!
You kill the ooze!
Your spectral weapon hits the ooze.
You swap places.
The ooze closely misses you.
You hit the ooze but do no damage.
The ooze is severely wounded.
The ooze hits you.
* * * LOW HITPOINT WARNING * * *
The ooze barely misses you.
You hit the ooze but do no damage.
The ooze is severely wounded.
The ooze hits you but does no damage.
You hit the ooze.
The ooze is almost dead.
The ooze closely misses you.
You hit the ooze but do no damage. You bite the ooze.
The ooze is almost dead.
The ooze hits you but does no damage.
You completely miss the ooze.
The ooze is almost dead.
The ooze hits you but does no damage.
You hit the ooze.
You kill the ooze!
Are you sure you want to abandon this character and quit the game? (Confirm with "yes".)

##########
#........#########
#.######.#........
#
#(###.##<#.####.#.
#######@##...#.#
#.#.
#..............#
#.#.
#.#####.##...#.#
#.#. #(#
#.##...#.#.# #.##
#.# #..........#
#.## .# #.##
#.###..##### #...
##.# #..# #.###..#
#### ...# ##.#
#.##)..## ..##
##.# #.......##
###


You could see a friendly spectral hand axe.

Vanquished Creatures
  A jelly (D:4)
  An orc priest (D:3)
  An orc wizard (D:3)
  2 worker ants (D:4)
  4 oozes (D:4)
  A dart slug (D:1)
  A leopard gecko (D:1)
  4 orcs (D:3)
  A bat (D:1)
  A goblin (D:3)
  A hobgoblin (D:1)
  8 kobolds
  A quokka (D:4)
  A ball python (D:2)
  A frilled lizard (D:3)
  2 rats (D:1)
31 creatures vanquished.

Vanquished Creatures (others)
  A fungus (D:4)
  7 toadstools (D:4)
8 creatures vanquished.

Grand Total: 39 creatures vanquished

Notes
Turn   | Place    | Note
-------+----------+-------------------------------------------
     0 | D:1      | tidbits the Gnoll Skald began the quest for the Orb.
     0 | D:1      | Reached XP level 1. HP: 20/20 MP: 6/6
   108 | D:1      | Reached XP level 2. HP: 21/26 MP: 4/7
   117 | D:1      | Learned a level 2 spell: Song of Slaying
   120 | D:1      | Learned a level 2 spell: Shroud of Golubria
   374 | D:3      | Reached skill level 5 in Spellcasting
   374 | D:3      | Reached XP level 3. HP: 9/31 MP: 0/9
   375 | D:3      | Reached skill level 1 in Short Blades
   375 | D:3      | Reached skill level 1 in Long Blades
   375 | D:3      | Reached skill level 1 in Maces & Flails
   375 | D:3      | Reached skill level 1 in Polearms
   375 | D:3      | Reached skill level 1 in Staves
   375 | D:3      | Reached skill level 1 in Slings
   375 | D:3      | Reached skill level 1 in Bows
   375 | D:3      | Reached skill level 1 in Crossbows
   375 | D:3      | Reached skill level 1 in Throwing
   375 | D:3      | Reached skill level 1 in Stealth
   375 | D:3      | Reached skill level 1 in Shields
   375 | D:3      | Reached skill level 1 in Unarmed Combat
   375 | D:3      | Reached skill level 1 in Conjurations
   375 | D:3      | Reached skill level 1 in Hexes
   375 | D:3      | Reached skill level 1 in Summonings
   375 | D:3      | Reached skill level 1 in Necromancy
   375 | D:3      | Reached skill level 1 in Translocations
   375 | D:3      | Reached skill level 1 in Transmutations
   375 | D:3      | Reached skill level 1 in Fire Magic
   375 | D:3      | Reached skill level 1 in Ice Magic
   375 | D:3      | Reached skill level 1 in Air Magic
   375 | D:3      | Reached skill level 1 in Earth Magic
   375 | D:3      | Reached skill level 1 in Poison Magic
   375 | D:3      | Reached skill level 1 in Invocations
   375 | D:3      | Reached skill level 1 in Evocations
   375 | D:3      | Reached XP level 4. HP: 11/38 MP: 0/11
   411 | D:3      | Found a stormy altar of Qazlal.
   411 | D:3      | Found an ancient bone altar of Kikubaaqudgha.
   411 | D:3      | Found a deep blue altar of Sif Muna.
   411 | D:3      | Found an iron altar of Okawaru.
   416 | D:3      | Found an ornate altar of the Wu Jian Council.
   548 | D:4      | Reached XP level 5. HP: 15/43 MP: 6/12
   571 | D:4      | Learned a level 3 spell: Regeneration
   575 | D:4      | Learned a level 3 spell: Spectral Weapon
   664 | D:4      | HP: 4/43 [acid (5)]
   665 | D:4      | Reached skill level 3 in Armour
   736 | D:4      | Quit the game

Vault maps used:
D:1:      minmay_arrival_solitary_statue
D:3:      nicolae_overflow_hidden_temple, first_bread
D:4:      cheibrodos_fertilizer, serial_shops, shop

Skill      XL: |  1  2  3  4  5 |
---------------+----------------+-----
Spellcasting   | 5 |  5.2
Short Blades   | 1 |  1.5
Long Blades    | 1 |  1.5
Maces & Flails | 1 |  1.5
Polearms       | 1 |  1.5
Staves         | 1 |  1.5
Slings         | 1 |  1.5
Bows           | 1 |  1.5
Crossbows      | 1 |  1.5
Throwing       | 1 |  1.5
Stealth        | 1 |  1.5
Shields        | 1 |  1.5
Unarmed Combat | 1 |  1.5
Conjurations   | 1 |  1.5
Hexes          | 1 |  1.5
Summonings     | 1 |  1.5
Necromancy     | 1 |  1.5
Translocations | 1 |  1.5
Transmutations | 1 |  1.5
Fire Magic     | 1 |  1.5
Ice Magic      | 1 |  1.5
Air Magic      | 1 |  1.5
Earth Magic    | 1 |  1.5
Poison Magic   | 1 |  1.5
Invocations    | 1 |  1.5
Evocations     | 1 |  1.5
Armour         | 3 |  3.0
Fighting       | |  4.8
Axes           | |  4.8
Dodging        | |  4.8
Charms         | |  6.7

Action                   |  1- 3 |  4- 6 || total
-------------------------+-------+-------++-------
Melee: Hand axe          |    22 |    55 ||    77
       Bite              |     3 |     7 ||    10
Throw: Javelin           |     8 |       ||     8
 Cast: Infusion          |     3 |     4 ||     7
       Regeneration      |       |     1 ||     1
       Spectral Weapon   |       |     1 ||     1
  Use: Scroll            |       |     2 ||     2
       Potion            |       |     1 ||     1
Armor: Ring mail         |     5 |    14 ||    19
Dodge: Dodged            |    20 |    47 ||    67

Table legend:
 A = Spawn XP
 B = Non-spawn XP
 C = Spawn XP percentage of total XP
 D = Spawn monster count
 E = Non-spawn monster count
 F = Spawn count percentage of total count
 G = Total turns spent on level
                    A         B        C        D         E        F      G
               +---------+---------+-------+---------+---------+-------+---------
         Total |       0 |     264 |   0.0 |       0 |      31 |   0.0 |   736
               +---------+---------+-------+---------+---------+-------+---------
           D:1 |       0 |      15 |   0.0 |       0 |       7 |   0.0 |   171
           D:2 |       0 |       1 |   0.0 |       0 |       1 |   0.0 |    75
           D:3 |       0 |      98 |   0.0 |       0 |       8 |   0.0 |   163
           D:4 |       0 |     150 |   0.0 |       0 |      15 |   0.0 |   327
               +---------+---------+-------+---------+---------+-------+---------

Table legend:
 A = Turns spent in this place as a percentage of turns spent in the entire game.
 B = Non-inter-level travel turns spent in this place as a percentage of non-inter-level travel turns spent in the entire game.
 C = Inter-level travel turns spent in this place as a percentage of turns spent in this place.
 D = Turns resting spent in this place as a percentage of non-inter-level travel turns spent in this place.
 E = Turns spent auto-exploring this place as a percentage of non-inter-level travel turns spent in this place.
 F = Non-inter-level travel turns spent in this place divided by the number of levels of this place that you've seen.
                   A       B       C       D       E      F
               +-------+-------+-------+-------+-------+----------------------
         Total | 100.0 | 100.0 |   1.9 |   0.0 |   0.0 | 180.5
       Dungeon | 100.0 | 100.0 |   1.9 |   0.0 |   0.0 | 180.5
               +-------+-------+-------+-------+-------+----------------------

Table legend:
 A = Kills in this place as a percentage of kills in entire the game.
 B = Kills by you in this place as a percentage of kills by you in the entire game.
 C = Kills by friends in this place as a percentage of kills by friends in the entire game.
 D = Other kills in this place as a percentage of other kills in the entire game.
 E = Experience gained in this place as a percentage of experience gained in the entire game.
 F = Experience gained in this place divided by the number of levels of this place that you have seen.
                   A       B       C       D       E      F
               +-------+-------+-------+-------+-------+----------------------
         Total | 100.0 | 100.0 |   N/A |   N/A | 100.0 |  66.0
       Dungeon | 100.0 | 100.0 |   N/A |   N/A | 100.0 |  66.0
               +-------+-------+-------+-------+-------+----------------------

Vault maps used:
D:1:      minmay_arrival_solitary_statue
D:3:      nicolae_overflow_hidden_temple, first_bread
D:4:      cheibrodos_fertilizer, serial_shops, shop
